 Dungeon Crawl Stone Soup version 0.28.0-49-g6dfe1f597d (webtiles) character file.

Game seed: 18065798557556193428

132 GigaChad the Covered (level 4, -3/41 HPs)
             Began as a Minotaur Fighter on May 12, 2022.
             Was an Initiate of Ashenzari.
             Killed by nerve-wracking pain
             ... invoked by Grinder
              (13 damage)
             ... on level 3 of the Dungeon.
             The game lasted 00:04:54 (2433 turns).

GigaChad the Covered (Minotaur Fighter)             Turns: 2433, Time: 00:04:54

Health: -3/41      AC:  7    Str: 21    XL:     4   Next: 92%
Magic:  3/3        EV:  9    Int:  5    God:    Ashenzari [......]
Gold:   238        SH:  5    Dex: 11    Spells: 3/3 levels left

rFire   . . .      SeeInvis .   a - +0 long sword
rCold   . . .      Faith    .   c - +0 buckler
rNeg    . . .      Spirit   .   b - +0 scale mail
rPois   .          Reflect  .   (helmet restricted)
rElec   .          Harm     .   (no cloak)
rCorr   .          Rampage  .   (no gloves)
Will    .....                   (no boots)
Stlth   ..........              (no amulet)
HPRegen 0.13/turn               (no ring)
MPRegen 0.08/turn               (no ring)

@: no status effects
A: horns 2, retaliatory headbutt
a: Renounce Religion, Curse Item


You were on level 3 of the Dungeon.
You worshipped Ashenzari.
Ashenzari was noncommittal.
You visited 1 branch of the dungeon, and saw 3 of its levels.

You collected 238 gold pieces.

Inventory:

Hand Weapons
 a - a +0 long sword (weapon)
Missiles
 j - 3 poisoned darts (quivered)
Armour
 b - a +0 scale mail (worn)
 c - a +0 buckler (worn)
Magical Staves
 n - a staff of death
 o - a staff of air
Jewellery
 f - a ring of see invisible
Wands
 r - a wand of mindburst (11)
Scrolls
 e - a scroll of identify {unknown}
 g - a scroll of enchant weapon {unknown}
 m - 4 scrolls of teleportation {unknown}
 q - a scroll of blinking {unknown}
Potions
 d - 2 potions of might
 h - a potion of berserk rage {unknown}
 i - a potion of invisibility {unknown}
 k - a potion of flight {unknown}
 l - 2 potions of curing {unknown}
 p - a potion of attraction {unknown}


   Skills:
 + Level 4.3 Fighting
 + Level 4.3 Long Blades
 + Level 4.5 Armour
 + Level 0.3 Dodging
 + Level 0.1 Stealth
 + Level 4.4 Shields


You had 3 spell levels left.
You didn't know any spells.
Your spell library was empty.

Dungeon Overview and Level Annotations

Branches:
Dungeon (3/15)

Altars:
Ashenzari
Makhleb
Qazlal

Annotations:
D:3 Grinder


Innate Abilities, Weirdness & Mutations

You have a pair of horns on your head.
You reflexively headbutt those who attack you in melee.


Message History

Grinder blinks!
Found a stone staircase leading up.
Grinder blinks!
Grinder gestures at you.
You suddenly lose the ability to move!
Grinder blinks!
Grinder gestures at you.
You barely resist. Grinder hits you.
You can move again.
Grinder gestures at you.
You barely resist. You closely miss Grinder. Your headbutt misses Grinder.
Grinder gestures at you.
You suddenly lose the ability to move!
Grinder blinks!
Grinder gestures at you. Pain shoots through your body!
You can move again.
Grinder says, "What is the universe for?"
Grinder gestures at you.
You shrug off the repeated paralysis!
Grinder gestures at you. Pain shoots through your body!
Grinder closely misses you. You furiously retaliate!
You headbutt Grinder. You hit Grinder but do no damage.
Grinder is lightly wounded.
You block Grinder's attack.
You barely miss Grinder. You headbutt Grinder!
Grinder is moderately wounded.
Grinder hits you.
You writhe in agony.
You hit Grinder.
Grinder is moderately wounded.
Grinder gestures at you. Pain shoots through your body! Grinder hits you!
* * * LOW HITPOINT WARNING * * *
You barely miss Grinder.
Grinder is moderately wounded.
You hear the brisk rusting of a very distant drain.
Grinder gestures at you. Pain shoots through your body!
You die...

### ..# #.#
#.#########
#.##......# #
####.##.####.#
###. #.5@.##.#
#.#
.....###.#####.#
#.#######
<..>......)....#
#........
####.#........##
#########
#.............#
#.##.#.#.###..#
#.#.#.# #..# #
#.#.# #..# ##
..#.# #..# #.


You could see Grinder.

Vanquished Creatures
  An ogre (D:3)
  3 worms (D:2)
  6 ball pythons
  5 bats
  3 endoplasms
  A giant cockroach (D:2)
  3 goblins
  4 hobgoblins
  6 quokkas
  5 kobolds
  3 rats
40 creatures vanquished.

Vanquished Creatures (others)
  5 fungi
  3 toadstools (D:2)
  A withered plant (D:1)
9 creatures vanquished.

Grand Total: 49 creatures vanquished

Notes
Turn   | Place    | Note
-------+----------+-------------------------------------------
     0 | D:1      | GigaChad the Minotaur Fighter began the quest for the Orb.
     0 | D:1      | Reached XP level 1. HP: 19/19 MP: 0/0
   515 | D:1      | Reached XP level 2. HP: 27/27 MP: 1/1
   577 | D:1      | Found a faded altar of an unknown god.
  1297 | D:2      | Reached XP level 3. HP: 31/33 MP: 2/2
  1354 | D:2      | Found a broken altar of Ashenzari.
  1369 | D:2      | Became a worshipper of Ashenzari the Shackled
  2032 | D:3      | Noticed an ogre
  2045 | D:3      | Killed an ogre
  2046 | D:3      | Reached XP level 4. HP: 19/41 MP: 3/3
  2321 | D:3      | Found a stormy altar of Qazlal.
  2325 | D:3      | Found a burning altar of Makhleb.
  2403 | D:3      | Noticed Grinder
  2412 | D:3      | Paralysed by Grinder for 6 turns
  2419 | D:3      | Paralysed by Grinder for 2 turns
  2433 | D:3      | Killed from afar by Grinder

Illustrated notes

Levels and vault maps discovered:
D:1:      mrwooster_arrival_statue_3, layout_basic,
          shapermc_ecumenical_altar_gd, minmay_misc_feat_tiny, chequers_garden,
          amcnicky_mini_pool_small, minmay_misc_feat_plants, minmay_hexomino_c4
D:2:      layout_loops_ring, basic_altar, st_stairs_10,
          minmay_gold_behind_fungi, nicolae_wormholes
D:3:      layout_loops_ring, nicolae_overflow_squiral, gup_sewer_entry_spiral,
          uniq_jessica, uniq_grinder

Skill      XL: |  1  2  3 |
---------------+----------+-----
Armour         | 4 |  4.5
Shields        | 4 |  4.4
Long Blades    | 4 |  4.3
Fighting       | 4 |  4.3
Dodging        | |  0.3
Stealth        | |  0.1

Action                   |  1- 3 |  4- 6 || total
-------------------------+-------+-------++-------
Melee: Long sword        |    98 |    16 ||   114
       Headbutt          |    15 |     2 ||    17
Throw: Dart              |     1 |       ||     1
Armor: Scale mail        |    49 |     4 ||    53
Dodge: Dodged            |    54 |     8 ||    62
Block: Buckler           |    25 |     4 ||    29
